| TOP OF THE 1ST |
|
Hillsboro Hops batting - Pitching for Tri-City Dust Devils : RHP David Koski
|
|
Pitching: RHP David Koski
|
|
|
Batting: RHB Yutaka Oki
|
0-0: Ball 1-0: Fly out, F8 (Flyball, 89D, EV 110.6 MPH)
|
|
Batting: RHB Daniel Rivera
|
0-0: Called Strike 0-1: Called Strike 0-2: Ground out 5-3 (Groundball, 56S, EV 67.5 MPH)
|
|
Batting: RHB Terry Jarrells
|
0-0: Ball 1-0: Ball 2-0: Ball 3-0: Swinging Strike 3-1: Base on Balls
|
|
Batting: RHB Tim Borden
|
0-0: Called Strike 0-1: Called Strike Terry Jarrells steals 2nd base 0-2: Ball 1-2: Ball Wild Pitch! Terry Jarrells to third 2-2: Strikes out swinging
|
| Top of the 1st over - 0 runs, 0 hits, 0 errors, 1 left on base; Hillsboro 0 - Tri-City 0 |
| BOTTOM OF THE 1ST |
|
Tri-City Dust Devils batting - Pitching for Hillsboro Hops : RHP Justin Gasper
|
|
Pitching: RHP Justin Gasper
|
|
|
Batting: LHB Ramon Vega
|
0-0: Swinging Strike 0-1: Swinging Strike 0-2: Foul Ball, location: 2F 0-2: Ball 1-2: Strikes out swinging
|
|
Batting: LHB Phil Lerner
|
0-0: Ball 1-0: Ground out U3 (Groundball, 3, EV 99.4 MPH)
|
|
Batting: RHB Mike MacLeod
|
0-0: Ball 1-0: Called Strike 1-1: Ball 2-1: Ball 3-1: Foul Ball, location: 2F 3-2: Foul Ball, location: 2F 3-2: Strikes out looking
|
| Bottom of the 1st over - 0 runs, 0 hits, 0 errors, 0 left on base; Hillsboro 0 - Tri-City 0 |
| TOP OF THE 2ND |
|
Hillsboro Hops batting - Pitching for Tri-City Dust Devils : RHP David Koski
|
|
Batting: LHB Franklin Quezada
|
0-0: Called Strike 0-1: Ball 1-1: Ground out U3 (Groundball, 3L, EV 96.9 MPH)
|
|
Batting: RHB Cesar Rendon
|
0-0: Swinging Strike 0-1: Ball 1-1: Ball 2-1: Foul Ball, location: 2F 2-2: Strikes out swinging
|
|
Batting: RHB Jonathan Underhill
|
0-0: Called Strike 0-1: Called Strike 0-2: Ball 1-2: Foul Ball, location: 2F 1-2: Ball 2-2: Strikes out swinging, 2-3 out at first.
|
| Top of the 2nd over - 0 runs, 0 hits, 0 errors, 0 left on base; Hillsboro 0 - Tri-City 0 |
| BOTTOM OF THE 2ND |
|
Tri-City Dust Devils batting - Pitching for Hillsboro Hops : RHP Justin Gasper
|
|
Batting: SHB Isaiah Scates
|
0-0: Swinging Strike 0-1: Ball 1-1: Swinging Strike 1-2: SOLO HOME RUN (Flyball, 78XD, EV 99.4 MPH), Distance : 390 ft
|
|
Batting: RHB Hector Fernandez
|
0-0: Swinging Strike 0-1: Ball 1-1: Called Strike 1-2: Foul Ball, location: 2F 1-2: Ball 2-2: Ground out 5-3 (Groundball, 56S, EV 89.4 MPH)
|
|
Batting: RHB Eric McMillian
|
0-0: Ball 1-0: Ball 2-0: Called Strike 2-1: Ball 3-1: SINGLE (Line Drive, 56, EV 96.2 MPH)
|
|
Batting: RHB Phil McFadden
|
0-0: Called Strike 0-1: Ball 1-1: Called Strike 1-2: Ball Eric McMillian is caught stealing 2nd base 2-4 2-2: Ball 3-2: Base on Balls
|
|
Batting: RHB Max Stillo
|
0-0: Ball 1-0: Swinging Strike 1-1: Foul Ball, location: 2F 1-2: DOUBLE (Line Drive, 7LM, EV 100.0 MPH) Phil McFadden to third
|
|
Batting: RHB Shane Bruce
|
0-0: Called Strike 0-1: Ball 1-1: Fly out, F8 (Flyball, 8RXD, EV 88.8 MPH)
|
| Bottom of the 2nd over - 1 run, 3 hits, 0 errors, 2 left on base; Hillsboro 0 - Tri-City 1 |
| TOP OF THE 3RD |
|
Hillsboro Hops batting - Pitching for Tri-City Dust Devils : RHP David Koski
|
|
Batting: RHB John Ricketts
|
0-0: Called Strike 0-1: Called Strike 0-2: Ball 1-2: Foul Ball, location: 2F 1-2: Strikes out swinging
|
|
Batting: LHB Josh Kirk
|
0-0: Called Strike 0-1: Fly out, F7 (Line Drive, 78S, EV 89.4 MPH)
|
|
Batting: RHB Yutaka Oki
|
0-0: Ball 1-0: DOUBLE (Line Drive, 9LS, EV 98.1 MPH)
|
|
Batting: RHB Daniel Rivera
|
0-0: Foul Ball, location: 2F 0-1: Ball 1-1: Ball 2-1: Called Strike 2-2: SINGLE (Line Drive, 56D, EV 107.5 MPH) Yutaka Oki to third Runner from 3rd tries for Home, SAFE, throw by LF to home
|
|
Batting: RHB Terry Jarrells
|
0-0: Called Strike 0-1: Called Strike 0-2: Strikes out swinging
|
| Top of the 3rd over - 1 run, 2 hits, 0 errors, 1 left on base; Hillsboro 1 - Tri-City 1 |
| BOTTOM OF THE 3RD |
|
Tri-City Dust Devils batting - Pitching for Hillsboro Hops : RHP Justin Gasper
|
|
Batting: LHB Ramon Vega
|
0-0: Foul Ball, location: 2F 0-1: Ball 1-1: Ground out 4-3 (Groundball, 4S, EV 73.8 MPH)
|
|
Batting: LHB Phil Lerner
|
0-0: Called Strike 0-1: Foul Ball, location: 2F 0-2: Ball 1-2: Strikes out swinging
|
|
Batting: RHB Mike MacLeod
|
0-0: Ball 1-0: Foul Ball, location: 2F 1-1: Swinging Strike 1-2: Fly out, F7 (Flyball, 7, EV 89.4 MPH)
|
| Bottom of the 3rd over - 0 runs, 0 hits, 0 errors, 0 left on base; Hillsboro 1 - Tri-City 1 |
| TOP OF THE 4TH |
|
Hillsboro Hops batting - Pitching for Tri-City Dust Devils : RHP David Koski
|
|
Batting: RHB Tim Borden
|
0-0: Called Strike 0-1: Ball 1-1: Hit by Pitch
|
|
Batting: LHB Franklin Quezada
|
0-0: Called Strike 0-1: Fly out, F8 (Flyball, 89M, EV 86.2 MPH)
|
|
Batting: RHB Cesar Rendon
|
0-0: Foul Ball, location: 2F 0-1: Ball 1-1: Foul Ball, location: 2F 1-2: Strikes out looking
|
|
Batting: RHB Jonathan Underhill
|
0-0: Called Strike 0-1: Ball 1-1: Ball 2-1: Foul Ball, location: 2F 2-2: SINGLE (Groundball, 6MD, EV 100.0 MPH) Tim Borden to second
|
|
Batting: RHB John Ricketts
|
0-0: Ball 1-0: Ball 2-0: Fly out, F8 (Flyball, 8RXD, EV 105.6 MPH)
|
| Top of the 4th over - 0 runs, 1 hit, 0 errors, 2 left on base; Hillsboro 1 - Tri-City 1 |
| BOTTOM OF THE 4TH |
|
Tri-City Dust Devils batting - Pitching for Hillsboro Hops : RHP Justin Gasper
|
|
Batting: SHB Isaiah Scates
|
0-0: Ball 1-0: Called Strike 1-1: Ball 2-1: Swinging Strike 2-2: Ball 3-2: TRIPLE (Flyball, 89XD, EV 109.4 MPH)
|
|
Batting: RHB Hector Fernandez
|
0-0: Ground out 4-3 (Groundball, 4M, EV 83.1 MPH) Isaiah Scates scores
|
|
Batting: RHB Eric McMillian
|
0-0: Ball 1-0: Ground out 4-3 (Groundball, 4, EV 87.5 MPH)
|
|
Batting: RHB Phil McFadden
|
0-0: Ball 1-0: Fly out, F8 (Flyball, 78M, EV 96.2 MPH)
|
| Bottom of the 4th over - 1 run, 1 hit, 0 errors, 0 left on base; Hillsboro 1 - Tri-City 2 |
| TOP OF THE 5TH |
|
Hillsboro Hops batting - Pitching for Tri-City Dust Devils : RHP David Koski
|
|
Batting: LHB Josh Kirk
|
0-0: Called Strike 0-1: DOUBLE (Flyball, 89XD, EV 110.0 MPH)
|
|
Batting: RHB Yutaka Oki
|
0-0: Ground out 5-3 (Groundball, 56, EV 105.6 MPH)
|
|
Batting: RHB Daniel Rivera
|
0-0: Ball 1-0: Called Strike 1-1: DOUBLE (Line Drive, 7LS, EV 113.8 MPH) Josh Kirk scores
|
|
Batting: RHB Terry Jarrells
|
0-0: Foul Ball, location: 2F 0-1: Foul Ball, location: 2F 0-2: Foul Ball, location: 2F 0-2: Foul Ball, location: 2F 0-2: Strikes out swinging
|
|
Batting: RHB Tim Borden
|
0-0: SINGLE (Groundball, 3D, EV 100.0 MPH) Daniel Rivera to third Runner from 3rd tries for Home, throw by RF and OUT! 9-2
|
| Top of the 5th over - 1 run, 3 hits, 0 errors, 1 left on base; Hillsboro 2 - Tri-City 2 |
| BOTTOM OF THE 5TH |
|
Tri-City Dust Devils batting - Pitching for Hillsboro Hops : RHP Justin Gasper
|
|
Batting: RHB Max Stillo
|
0-0: Swinging Strike 0-1: Ground out 6-3 (Groundball, 6, EV 88.1 MPH)
|
|
Batting: RHB Shane Bruce
|
0-0: Ball 1-0: Ball 2-0: Called Strike 2-1: Foul Ball, location: 2F 2-2: Foul Ball, location: 2F 2-2: Foul Ball, location: 2F 2-2: Foul Ball, location: 2F 2-2: Ball 3-2: Fly out, F8 (Flyball, 8RXD, EV 106.2 MPH)
|
|
Batting: LHB Ramon Vega
|
0-0: Ground out 6-3 (Groundball, 6M, EV 90.6 MPH)
|
| Bottom of the 5th over - 0 runs, 0 hits, 0 errors, 0 left on base; Hillsboro 2 - Tri-City 2 |
| TOP OF THE 6TH |
|
Hillsboro Hops batting - Pitching for Tri-City Dust Devils : RHP David Koski
|
|
Batting: LHB Franklin Quezada
|
0-0: Hit by Pitch
|
|
Batting: RHB Cesar Rendon
|
0-0: Called Strike 0-1: Ball 1-1: Swinging Strike 1-2: Foul Ball, location: 2F 1-2: Ball Franklin Quezada is caught stealing 2nd base 2-4 2-2: Ball 3-2: Strikes out swinging
|
|
Batting: RHB Jonathan Underhill
|
0-0: Ball 1-0: Swinging Strike 1-1: Ball 2-1: Swinging Strike 2-2: Foul Ball, location: 2F 2-2: Strikes out swinging
|
| Top of the 6th over - 0 runs, 0 hits, 0 errors, 0 left on base; Hillsboro 2 - Tri-City 2 |
| BOTTOM OF THE 6TH |
|
Tri-City Dust Devils batting - Pitching for Hillsboro Hops : RHP Justin Gasper
|
|
Batting: LHB Phil Lerner
|
0-0: Foul Ball, location: 2F 0-1: Foul Ball, location: 2F 0-2: Strikes out swinging
|
|
Batting: RHB Mike MacLeod
|
0-0: Ball 1-0: Ball 2-0: Ball 3-0: Ground out 5-3 (Groundball, 56, EV 91.2 MPH)
|
|
Batting: SHB Isaiah Scates
|
0-0: Called Strike 0-1: Swinging Strike 0-2: Ball 1-2: Strikes out swinging
|
| Bottom of the 6th over - 0 runs, 0 hits, 0 errors, 0 left on base; Hillsboro 2 - Tri-City 2 |
| TOP OF THE 7TH |
|
Hillsboro Hops batting - Pitching for Tri-City Dust Devils : RHP David Koski
|
|
Batting: RHB John Ricketts
|
0-0: Hit by Pitch
|
|
Batting: LHB Josh Kirk
|
0-0: Sac Bunt to P - play at first, batter safe! John Ricketts to second
|
|
Batting: RHB Yutaka Oki
|
0-0: Ball 1-0: Foul Ball, location: 2F 1-1: Swinging Strike 1-2: SINGLE (Line Drive, 89S, EV 88.8 MPH) John Ricketts to third Josh Kirk to second Runner from 3rd tries for Home, SAFE, throw by RF to home
|
|
Batting: RHB Daniel Rivera
|
0-0: Foul Ball, location: 2F 0-1: Swinging Strike 0-2: Ball 1-2: Grounds into double play, 6-4-3 (Groundball, 6, EV 90.0 MPH) Josh Kirk to third
|
|
Batting: RHB Terry Jarrells
|
0-0: Foul Ball, location: 2F 0-1: Swinging Strike 0-2: Foul Ball, location: 2F 0-2: Foul Ball, location: 2F 0-2: Ball 1-2: Ball 2-2: Foul Ball, location: 2F 2-2: Foul Ball, location: 2F 2-2: Strikes out looking
|
| Top of the 7th over - 1 run, 2 hits, 0 errors, 1 left on base; Hillsboro 3 - Tri-City 2 |
| BOTTOM OF THE 7TH |
|
Tri-City Dust Devils batting - Pitching for Hillsboro Hops : RHP Justin Gasper
|
|
Pitching: RHP Franklin Salazar
|
|
|
Batting: RHB Hector Fernandez
|
0-0: Called Strike 0-1: Ball 1-1: Called Strike 1-2: Foul Ball, location: 2F 1-2: Foul Ball, location: 2F 1-2: Fly out, F5 (Popup, 56S, EV 80.6 MPH)
|
|
Batting: RHB Eric McMillian
|
0-0: Foul Ball, location: 2F 0-1: Called Strike 0-2: Strikes out swinging
|
|
Batting: RHB Phil McFadden
|
0-0: Called Strike 0-1: Foul Ball, location: 2F 0-2: Strikes out swinging
|
| Bottom of the 7th over - 0 runs, 0 hits, 0 errors, 0 left on base; Hillsboro 3 - Tri-City 2 |
| TOP OF THE 8TH |
|
Hillsboro Hops batting - Pitching for Tri-City Dust Devils : RHP David Koski
|
|
Pitching: RHP Hisatada Sekiguchi
|
|
|
Batting: RHB Tim Borden
|
0-0: Ball 1-0: Called Strike 1-1: SOLO HOME RUN (Flyball, 7D, EV 93.8 MPH), Distance : 352 ft
|
|
Batting: LHB Franklin Quezada
|
0-0: Ball 1-0: Foul Ball, location: 2F 1-1: Ball 2-1: Ball 3-1: Base on Balls
|
|
Batting: RHB Cesar Rendon
|
0-0: Called Strike 0-1: Swinging Strike 0-2: Strikes out swinging
|
|
Batting: RHB Jonathan Underhill
|
0-0: Ball Franklin Quezada steals 2nd base 1-0: Ball 2-0: Called Strike 2-1: Ball 3-1: Foul Ball, location: 2F 3-2: Base on Balls
|
|
Batting: RHB John Ricketts
|
0-0: Swinging Strike 0-1: Foul Ball, location: 2F 0-2: Hit by Pitch Franklin Quezada to third Jonathan Underhill to second
|
|
Batting: LHB Josh Kirk
|
0-0: Ball 1-0: Foul Ball, location: 2F 1-1: Foul Ball, location: 2F 1-2: Ball 2-2: SINGLE (Groundball, 56, EV 96.2 MPH) Franklin Quezada scores Jonathan Underhill to third John Ricketts to second Runner from 3rd tries for Home, SAFE, throw by LF to home
|
|
Pitching: RHP Jamal Kilburn
|
|
|
Batting: RHB Yutaka Oki
|
0-0: Fly out, F5 (Popup, 56S, EV 82.5 MPH)
|
|
Batting: RHB Daniel Rivera
|
0-0: Ball 1-0: Called Strike 1-1: Ball 2-1: Ball 3-1: Base on Balls John Ricketts to third Josh Kirk to second
|
|
Batting: RHB Terry Jarrells
|
0-0: Ball 1-0: Called Strike 1-1: Ball 2-1: Foul Ball, location: 2F 2-2: Strikes out swinging
|
| Top of the 8th over - 3 runs, 2 hits, 0 errors, 3 left on base; Hillsboro 6 - Tri-City 2 |
| BOTTOM OF THE 8TH |
|
Tri-City Dust Devils batting - Pitching for Hillsboro Hops : RHP Franklin Salazar
|
|
Batting: RHB Max Stillo
|
0-0: Hit by Pitch
|
|
Batting: RHB Shane Bruce
|
0-0: Foul Ball, location: 2F 0-1: Fly out, F4 (Popup, 4D, EV 56.2 MPH)
|
|
Batting: LHB Ramon Vega
|
0-0: Called Strike 0-1: Foul Ball, location: 2F 0-2: Foul Ball, location: 2F 0-2: Fielders Choice at 2nd, 6-4 (Groundball, 6, EV 85.6 MPH)
|
|
Batting: LHB Phil Lerner
|
0-0: Ball 1-0: Called Strike 1-1: Called Strike 1-2: Ball Wild Pitch! Ramon Vega to second 2-2: Foul Ball, location: 2F 2-2: Foul Ball, location: 2F 2-2: Ball 3-2: Foul Ball, location: 2F 3-2: Ground out U3 (Groundball, 3, EV 88.1 MPH)
|
| Bottom of the 8th over - 0 runs, 0 hits, 0 errors, 1 left on base; Hillsboro 6 - Tri-City 2 |
| TOP OF THE 9TH |
|
Hillsboro Hops batting - Pitching for Tri-City Dust Devils : RHP Jamal Kilburn
|
|
Batting: RHB Tim Borden
|
0-0: Ball 1-0: Fly out, F9 (Line Drive, 89D, EV 89.4 MPH)
|
|
Batting: LHB Franklin Quezada
|
0-0: Ball 1-0: Ball 2-0: Fly out, F7 (Flyball, 78S, EV 92.5 MPH)
|
|
Batting: RHB Cesar Rendon
|
0-0: Ball 1-0: Ball 2-0: Foul Ball, location: 2F 2-1: Foul Ball, location: 2F 2-2: Strikes out swinging
|
| Top of the 9th over - 0 runs, 0 hits, 0 errors, 0 left on base; Hillsboro 6 - Tri-City 2 |
| BOTTOM OF THE 9TH |
|
Tri-City Dust Devils batting - Pitching for Hillsboro Hops : RHP Franklin Salazar
|
|
Batting: RHB Mike MacLeod
|
0-0: Foul Ball, location: 2F 0-1: Ball 1-1: Ball 2-1: Foul Ball, location: 2F 2-2: Ball 3-2: Foul Ball, location: 2F 3-2: Foul Ball, location: 2F 3-2: Base on Balls
|
|
Pitching: LHP Matt Bagnall
|
|
|
Batting: SHB Isaiah Scates
|
0-0: Ball 1-0: Called Strike 1-1: Ball 2-1: Called Strike 2-2: Strikes out swinging
|
|
Batting: RHB Hector Fernandez
|
0-0: Ball 1-0: Foul Ball, location: 2F 1-1: Swinging Strike 1-2: Ball 2-2: Fly out, F8 (Flyball, 8RM, EV 93.8 MPH)
|
|
Batting: RHB Eric McMillian
|
0-0: Foul Ball, location: 2F 0-1: Ball 1-1: Ball 2-1: Foul Ball, location: 2F 2-2: TRIPLE (Line Drive, 78XD, EV 95.6 MPH) Mike MacLeod scores
|
|
Pitching: RHP John Meyer
|
|
|
Batting: RHB Phil McFadden
|
0-0: Called Strike 0-1: Called Strike 0-2: Ball 1-2: Ball 2-2: Ball 3-2: Base on Balls
|
|
Batting: RHB Max Stillo
|
0-0: Ball 1-0: Called Strike 1-1: Ball 2-1: SINGLE (Line Drive, 8RS, EV 98.8 MPH) Eric McMillian scores Phil McFadden to second
|
|
Batting: RHB Shane Bruce
|
0-0: Called Strike 0-1: Ball 1-1: Ball 2-1: Foul Ball, location: 2F 2-2: Ball 3-2: Base on Balls Phil McFadden to third Max Stillo to second
|
|
Batting: LHB Ramon Vega
|
0-0: Ball 1-0: Ball 2-0: Called Strike 2-1: Ground out 5-3 (Groundball, 15, EV 81.9 MPH)
|
| Bottom of the 9th over - 2 runs, 2 hits, 0 errors, 3 left on base; Hillsboro 6 - Tri-City 4 |
|